← All builds
Pond / Armada / Economy first / OBSERVED BUILD

Standard pond

Standard Pond play: fast Bot Lab and early boosting into Advanced Metal Extractor, sending Tick/Pawn/Blitz to front while tidal-boosting allies throughout.

#eco #team support · 473 distinct matches · 104 players · 60% of Armada Pond games · team won 50% of 541 · Recently observed

HOW TO PLAY IT

Key timing: Bot Lab by 5:42

  1. Open tidal, then wind to start boosting front's economy.
  2. Take mex and keep boosting wind or tidal depending on front's needs.
  3. Get a Bot Lab up, start sending Tick and Pawn to front.
  4. Add Advanced Metal Extractor to scale up team's economy.
  5. Switch to tick spam if enemy reaches T2 front before you do.

Phase by phase

TYPICAL OF ITS 473 GAMES
  1. 1
  2. 2
PLAY THE OPENING

Follow the example game's first 6:00 step by step: what to build now, what comes next, and where it goes. At 1× it keeps pace with your own game.

  1. 1

    Up to the Bot Lab

    Economy
    • Metal Extractor4Mex
    • Wind Turbine10Wind
    • Tidal Generator8Tidalfor allies
    • Tidal Generator1Tidal
    • Energy Storage1Energy storage
    Order
    1. Bot LabBot Lab after 4 mex, 10 wind, 1 energy storagedone ~5:37, middle half 3:31–7:01

    Some games also: converter (45%)

    By 5:08 in all: 4 mex · 10 wind · 1 tidal · 1 energy storage

    The example game in this phase · 12 steps
    1. Tidal ×8for Suicide front
    2. Tidal ×2
    3. Mex
    4. Energy storage
    5. Mex ×3
    6. Wind ×3
    7. Energy storage
    8. Wind ×3
    9. Energy storage
    10. Wind ×12
    11. Converter ×2
    12. Bot LabBot Labdone 6:18 · typical 5:37
  2. 2

    Bot Lab to 10:00

    Economy
    • Wind Turbine16Wind
    Builders
    • Construction Turret1 Con turret
    • Construction Bot2 Con bot

    Some games also: tick (50%) · Lazarus (48%) · converter (44%)

    By 10:00 in all: 4 mex · 31 wind · 1 tidal · 5 converter · 1 energy storage · 2 con turret

    The example game in this phase · 102 steps
    1. Construction BotCon bot ×2
    2. TickTick ×6
    3. Wind
    4. Con turret
    5. TickTick ×8
    6. Wind
    7. TickTick ×8
    8. Wind
    9. TickTick ×9
    10. Wind
    11. TickTick
    12. Con turret
    13. TickTick ×4
    14. Wind
    15. TickTick ×4
    16. Wind
    17. TickTick
    18. Wind ×2
    19. TickTick ×2
    20. Wind
    21. TickTick
    22. Wind
    23. TickTick
    24. Construction BotCon bot
    25. Wind ×3
    26. Converter
    27. Construction BotCon bot
    28. Wind ×4
    29. SentrySentry
    30. Converter
    31. Wind ×2
    32. TickTick
    33. SentrySentry
    34. TickTick
    35. Wind
    36. Radar TowerRadar Tower
    37. Converter
    38. TickTick
    39. Advanced Metal ExtractorT2 mexdone 11:14 · typical 9:56
    40. Wind
    41. TickTick
    42. SentrySentry
    43. Wind
    44. Converter
    45. TickTick
    46. Mex
    47. Wind
    48. RocketeerRocketeer
    49. Con turret
    50. Wind
    51. Converter
    52. Wind ×2
    53. Converter
    54. RocketeerRocketeer
    55. Mex
    56. Wind
    57. Con turret
    58. Wind
    59. Converter
    60. Wind
    61. Advanced Metal ExtractorT2 mex
    62. Wind ×2
    63. Converter
    64. Construction BotCon bot
    65. Con turret
    66. Construction BotCon bot
    67. Wind ×2
    68. Converter
    69. Wind
    70. Advanced Metal ExtractorT2 mex
    71. Wind ×2
    72. Converter
    73. Wind
    74. PawnPawn
    75. Wind ×3
    76. PawnPawn
    77. Converter
    78. Wind
    79. PawnPawn
    80. Wind ×2
    81. PawnPawn
    82. Wind ×4
    83. PawnPawn
    84. Wind ×3
    85. Converter
    86. Wind
    87. Converter
    88. PawnPawn
    89. Wind
    90. Advanced Metal ExtractorT2 mex
    91. Converter
    92. Wind ×2
    93. PawnPawn
    94. Wind ×3
    95. Converter
    96. PawnPawn
    97. Wind
    98. PawnPawn
    99. Wind ×2
    100. Converter
    101. PawnPawn
    102. Wind ×4

Counts are medians over the build's games: half of them build more, half fewer. The example game is Tregan's (38 OS, 26/09/2026); pick another.

Team trades

IN AT LEAST 30% OF ITS GAMES

You hand over

  • Tidal Generator8 Tidal to Suicide front or Frontfirst at 0:10 · in 90% of games

You get

  • Hercules1 Light transport from Air or Techfirst at 4:32 · in 31% of games
  • Hephaestus1 Heavy transport from Air or Techfirst at 4:43 · in 39% of games
  • Fatboy1 Fatboy from Techfirst at 5:02 · in 40% of games
  • Sharpshooter2 Sniper bot from Techfirst at 5:16 · in 42% of games
  • Advanced Construction Bot1 T2 con bot from Techfirst at 8:18 · in 92% of games

How it plays out

Typical game of this build, running totals by minute

Metal produced

010k20k
0:005:0010:0015:00

metal

Enemy metal destroyed

02k4k6k
0:005:0010:0015:00

metal

Own metal lost

02k4k
0:005:0010:0015:00

metal

541 games.

Show as table
ByMetal produced: This buildEnemy metal destroyed: This buildOwn metal lost: This build
1:0011500
2:0027200
3:0081700
4:00150700
5:00223100
6:00298300
7:0038434600
8:0047501269147
9:0056992025378
10:0068742840714
11:00833732981178
12:001029136611603
13:001261442021959
14:001493647782448
15:001751853403029
WHAT THE NUMBERS SAY

This is the role's standard support job, winning slightly under half its games while contributing modest kills for modest losses.

  • + Keeps own losses fairly low relative to kills (2827 destroyed vs 756 lost by 10:00).
  • + Reaches T2 constructor reliably (89% of games) by 8:10.
  • − Metal production trails other roles at 6855 by 10:00.
  • − No kills registered by 5:00, slow to impact the fight.
THE EXAMPLE YOU ARE READING

Tregan

38.3 OS · 26/09/2026

Open source match ↗

8 received units · includes a constructor
363 metal received · 21428 energy received

Allied construction assistance is unknown. Timings are observations, not a promise of solo reproducibility.

Typical milestones

Bot Lab5:37Middle 50%: 3:31–7:01 · n=485
Advanced Metal Extractor9:56Middle 50%: 9:01–10:40 · n=490

Played most by

Viltrum44games of this buildTeaner37games of this buildUsurpeR25games of this buildzeus_on_god25games of this build[Grump]Grumpiness19games of this build